 Dungeon Crawl Stone Soup version 0.29.0-15-g675c0067aa (webtiles) character file.

Game seed: 4525867940880007894

552 qw the Chopper (level 7, 0/43 HPs)
             Began as a Gargoyle Fighter on Sept 12, 2022.
             Slain by a gnoll
             ... wielding a +0 halberd
              (4 damage)
             ... on level 4 of the Dungeon.
             The game lasted 00:01:25 (3775 turns).

qw the Chopper (Gargoyle Fighter)                   Turns: 3775, Time: 00:01:25

Health: 0/43       AC: 11    Str: 21    XL:     7   Next: 29%
Magic:  7/7        EV:  9    Int:  9    God:
Gold:   222        SH:  4    Dex:  9    Spells: 6/6 levels left

rFire   . . .      SeeInvis .   Y - +2 war axe
rCold   . . .      Faith    .   c - +0 buckler
rNeg    + . .      Spirit   .   b - +0 scale mail
rPois   inf        Reflect  .   (no helmet)
rElec   +          Harm     .   (no cloak)
rCorr   .          Rampage  .   (no gloves)
Will    .....                   (no boots)
Stlth   ..........              (no amulet)
HPRegen 0.14/turn               (no ring)
MPRegen 0.10/turn               (no ring)

@: about to teleport
A: sickness immunity, AC +4, negative energy resistance 1, electricity
resistance, torment resistance 1, petrification resistance
a: no special abilities


You were on level 4 of the Dungeon.
You visited 2 branches of the dungeon, and saw 5 of its levels.

You collected 222 gold pieces.


Innate Abilities, Weirdness & Mutations

You are immune to sickness and miasma.
Your stone body is resilient. (AC +4)
You are immune to poison.
You resist negative energy. (rN+)
You are resistant to electric shocks. (rElec)
You are resistant to unholy torment.
You are immune to petrification.


   Skills:
 - Level 4.1 Fighting
 + Level 6.6 Axes
 - Level 3.2 Armour
 - Level 1.1 Dodging
 - Level 3.2 Shields


You had 6 spell levels left.
You didn't know any spells.
Your spell library was empty.

Inventory:

Hand Weapons
 m - a +0 flail
 Y - a +2 war axe (weapon)
Armour
 b - a +0 scale mail (worn)
 c - a +0 buckler (worn)
Scrolls
 i - a scroll of identify
Potions
 d - a potion of might
 g - 2 potions of attraction
 h - 2 potions of haste
 j - 2 potions of lignification

Dungeon Overview and Level Annotations

Branches:
Dungeon (4/15)             Temple (1/1) D:4

Altars:
Cheibriados
Dithmenos
Fedhas
Gozag
Hepliaklqana
Kikubaaqudgha
Makhleb
Nemelex Xobeh
Qazlal
Ru
Sif Muna
Uskayaw
Wu Jian
Yredelemnul
Zin
The Shining One


Message History

Enter note:
Enter note:
Enter note:
Enter note:
Enter note:
Enter note:
Enter note:
Enter note:
3747 ||| PLANNING D:1-11 You see here a +0 trident.
h - 2 potions of haste (gained 1)
Found a stone staircase leading down.
Found 9 stones.
A gnoll comes into view. It is wielding a +0 halberd.
The gnoll shouts!
You hear a shout!
The gnoll hits you with a +0 halberd.
You closely miss the gnoll. The gnoll hits you with a +0 halberd.
You block the gnoll's attack.
A gnoll comes into view. It is wielding a +0 halberd.
You barely miss the gnoll. The gnoll closely misses you.
You hit the gnoll but do no damage. The gnoll hits you with a +0 halberd.
You hit the gnoll.
The gnoll is heavily wounded.
You block the gnoll's attack.
You hit the gnoll.
You kill the gnoll!
The gnoll closely misses you.
The gnoll hits you from afar with a +0 halberd!
The gnoll hits you with a +0 halberd!
Things that are here:
a +0 halberd; a +0 leather armour
3774 ||| READING scroll of teleportation.
As you read the scroll of teleportation, it crumbles to dust.
You feel strangely unstable. The gnoll hits you with a +0 halberd.
You closely miss the gnoll. The gnoll hits you with a +0 halberd.
You die...

### ## .#.. . .## .....
..####..### ##.........
..........# ##....#.....
. ....#.(.###.....#.....
..# ........>...........
....##g.................
##.....@................
........................
....................#...
............###....##...
....#.........#.....#...
.......##.#.........)...
###.##.####.............
... ................#..
... ..##.##.#..##.#..#..


You could see a gnoll.

Vanquished Creatures
  Menkaure (D:4)
  2 necrophages (D:4)
  A hound (D:4)
  An orc priest (D:3)
  A jelly (D:3)
  Jessica (D:2)
  An iguana (D:3)
  4 adders
  5 gnolls
  3 worms (D:2)
  A dart slug (D:1)
  3 orcs (D:3)
  6 ball pythons
  6 endoplasms
  2 giant cockroaches
  2 goblins
  10 hobgoblins
  3 jackals (D:4)
  7 kobolds
  3 quokkas
  5 bats
  3 frilled lizards
  6 rats
77 creatures vanquished.

Vanquished Creatures (others)
  A plant (D:1)
1 creature vanquished.

Grand Total: 78 creatures vanquished

Notes
Turn   | Place    | Note
-------+----------+-------------------------------------------
     0 | D:1      | qw the Gargoyle Fighter began the quest for the Orb.
     0 | D:1      | Reached XP level 1. HP: 14/14 MP: 1/1
     0 | D:1      | 0 ||| qw: Version: 0.1-a-119-g272c26d
     0 | D:1      | 0 ||| qw: Game counter: 10812
     0 | D:1      | 0 ||| qw: Always use a shield: true
     0 | D:1      | 0 ||| qw: God list: Okawaru
     0 | D:1      | 0 ||| qw: Allow faded altars: false
     0 | D:1      | 0 ||| qw: Do Orc after D:15 true
     0 | D:1      | 0 ||| qw: Do second Lair branch before Depths: true
     0 | D:1      | 0 ||| qw: Lair rune preference: random
     0 | D:1      | 0 ||| qw: Plans: Normal, Zot, God:TSO, Crypt, Tomb, Pan,
                  | Slime, Hells, Zig, Abyss, Orb
     0 | D:1      | 0 ||| PLANNING D:1-11
    54 | D:1      | Reached skill level 2 in Axes
    60 | D:1      | Reached XP level 2. HP: 11/19 MP: 2/2
    88 | D:1      | 88 ||| Stepping ~*~*~tactically~*~*~ (stealth).
    90 | D:1      | 90 ||| Stepping ~*~*~tactically~*~*~ (stealth).
   146 | D:1      | 146 ||| Stepping ~*~*~tactically~*~*~ (stealth).
   583 | D:1      | Reached skill level 3 in Axes
   879 | D:1      | 879 ||| READING scroll labelled BIOTZAH ULEWUR.
   880 | D:1      | 880 ||| READING 2 scrolls labelled LAGAHI CUNASA.
   881 | D:1      | 881 ||| DRINKING 2 fuming grey potions.
   882 | D:1      | 882 ||| DRINKING 2 green potions.
   986 | D:1      | 986 ||| DROPPING potion of berserk rage.
  1086 | D:2      | Reached XP level 3. HP: 18/23 MP: 3/3
  1431 | D:2      | Reached XP level 4. HP: 26/28 MP: 4/4
  1809 | D:2      | Noticed Jessica
  1815 | D:2      | 1815 ||| FLEEEEING.
  1816 | D:2      | 1816 ||| FLEEEEING.
  1819 | D:2      | 1819 ||| FLEEEEING.
  1825 | D:2      | Killed Jessica
  1826 | D:2      | Reached skill level 4 in Axes
  1982 | D:2      | 1982 ||| READING 2 scrolls labelled GEDUFRARRA.
  1983 | D:2      | 1983 ||| READING scroll of enchant weapon.
  1983 | D:2      | 1983 ||| ENCHANTING +1 war axe.
  1984 | D:2      | 1984 ||| READING scroll labelled LIPNOAHUH.
  2019 | D:3      | 2019 ||| STAIRDANCE
  2025 | D:3      | 2025 ||| STAIRDANCE
  2188 | D:3      | 2188 ||| Stepping ~*~*~tactically~*~*~ (stealth).
  2197 | D:3      | Reached XP level 5. HP: 26/32 MP: 5/5
  2201 | D:3      | 2201 ||| Stepping ~*~*~tactically~*~*~ (stealth).
  2204 | D:3      | 2204 ||| Stepping ~*~*~tactically~*~*~ (stealth).
  2210 | D:3      | 2210 ||| Stepping ~*~*~tactically~*~*~ (stealth).
  2211 | D:3      | 2211 ||| Stepping ~*~*~tactically~*~*~ (stealth).
  2214 | D:3      | 2214 ||| Stepping ~*~*~tactically~*~*~ (stealth).
  2215 | D:3      | 2215 ||| Stepping ~*~*~tactically~*~*~ (stealth).
  2275 | D:3      | 2275 ||| Stepping ~*~*~tactically~*~*~ (hiding).
  2287 | D:3      | Reached skill level 5 in Axes
  2400 | D:3      | 2400 ||| DROPPING +0 whip.
  2594 | D:3      | 2594 ||| Stepping ~*~*~tactically~*~*~ (stealth).
  2728 | D:3      | 2728 ||| Stepping ~*~*~tactically~*~*~ (stealth).
  2842 | D:3      | Found an ancient bone altar of Kikubaaqudgha.
  2992 | D:3      | 2992 ||| READING scroll labelled YDUABO LYRI.
  2993 | D:3      | 2993 ||| DRINKING 2 lumpy cyan potions.
  2994 | D:3      | 2994 ||| READING 3 scrolls of identify.
  2994 | D:3      | 2994 ||| IDENTIFYING fizzy brown potion
  2995 | D:3      | 2995 ||| READING 2 scrolls of identify.
  2995 | D:3      | 2995 ||| IDENTIFYING purple potion
  2996 | D:3      | 2996 ||| DROPPING potion of magic.
  3018 | D:4      | 3018 ||| PLANNING SEWER
  3019 | D:4      | 3019 ||| STAIRDANCE
  3024 | D:3      | Reached skill level 1 in Dodging
  3024 | D:3      | Reached XP level 6. HP: 33/38 MP: 6/6
  3090 | D:4      | Noticed Menkaure
  3099 | D:4      | Killed Menkaure
  3109 | D:4      | Reached skill level 6 in Axes
  3109 | D:4      | Reached XP level 7. HP: 22/43 MP: 7/7
  3271 | D:4      | 3271 ||| Stepping ~*~*~tactically~*~*~ (stealth).
  3273 | D:4      | 3273 ||| Stepping ~*~*~tactically~*~*~ (stealth).
  3359 | D:4      | Found a staircase to the Ecumenical Temple.
  3360 | D:4      | 3360 ||| PLANNING TEMPLE
  3360 | D:4      | 3360 ||| READING scroll labelled AWNIUD VEABE.
  3361 | D:4      | 3361 ||| READING scroll labelled AGGUZ KIAPREIMIE.
  3362 | D:4      | 3362 ||| READING 3 scrolls of identify.
  3362 | D:4      | 3362 ||| IDENTIFYING bubbling blue potion
  3363 | D:4      | 3363 ||| READING 2 scrolls of identify.
  3363 | D:4      | 3363 ||| IDENTIFYING golden potion
  3364 | D:4      | 3364 ||| DROPPING potion of degeneration.
  3365 | D:4      | 3365 ||| DROPPING potion of brilliance.
  3375 | D:4      | 3375 ||| FLEEEEING.
  3377 | D:4      | 3377 ||| FLEEEEING.
  3378 | D:4      | 3378 ||| FLEEEEING.
  3381 | D:4      | 3381 ||| FLEEEEING.
  3383 | D:4      | 3383 ||| FLEEEEING.
  3384 | D:4      | 3384 ||| FLEEEEING.
  3385 | D:4      | 3385 ||| FLEEEEING.
  3386 | D:4      | 3386 ||| FLEEEEING.
  3387 | D:4      | 3387 ||| FLEEEEING.
  3388 | D:4      | 3388 ||| STAIRDANCE
  3392 | D:4      | 3392 ||| STAIRDANCE
  3396 | D:4      | 3396 ||| STAIRDANCE
  3400 | D:4      | 3400 ||| STAIRDANCE
  3404 | D:4      | 3404 ||| STAIRDANCE
  3408 | D:4      | 3408 ||| STAIRDANCE
  3414 | D:4      | 3414 ||| STAIRDANCE
  3420 | D:4      | 3420 ||| STAIRDANCE
  3426 | D:4      | 3426 ||| STAIRDANCE
  3430 | D:4      | 3430 ||| STAIRDANCE
  3434 | D:4      | 3434 ||| STAIRDANCE
  3463 | D:4      | 3463 ||| Stepping ~*~*~tactically~*~*~ (hiding).
  3471 | D:4      | 3471 ||| FLEEEEING.
  3472 | D:4      | 3472 ||| FLEEEEING.
  3473 | D:4      | 3473 ||| FLEEEEING.
  3474 | D:4      | 3474 ||| STAIRDANCE
  3484 | D:4      | 3484 ||| STAIRDANCE
  3502 | Temple   | Entered the Ecumenical Temple
  3717 | Temple   | 3717 ||| PLANNING SEWER
  3746 | D:4      | 3746 ||| RIP SEWER
  3747 | D:4      | 3747 ||| PLANNING D:1-11
  3773 | D:4      | HP: 9/43 [gnoll/+0 halberd (12)]
  3774 | D:4      | 3774 ||| READING scroll of teleportation.
  3774 | D:4      | HP: 4/43 [gnoll/+0 halberd (5)]
  3775 | D:4      | Slain by a gnoll

Levels and vault maps discovered:
D:1:      psy_arrival_radial01, layout_basic, serial_bayou_pond_c
D:2:      minmay_alternating_diamond, layout_basic, uniq_jessica
D:3:      layout_basic, general_overflow_altar
D:4:      layout_cave_pools, minmay_temple_entry_ruins, serial_shops, shop,
          gup_sewer_entry_spiral, uniq_menkaure
Temple:   regret_index_temple_generic_petals

Skill      XL: |  1  2  3  4  5  6 |
---------------+-------------------+-----
Axes           | 2 3 4 5 6 |  6.6
Fighting       | 4 |  4.1
Dodging        | 1 |  1.1
Armour         | |  3.2
Shields        | |  3.2

Action                   |  1- 3 |  4- 6 |  7- 9 || total
-------------------------+-------+-------+-------++-------
Melee: War axe           |    74 |   132 |    33 ||   239
  Use: Scroll            |     2 |     6 |     5 ||    13
       Potion            |     2 |     1 |       ||     3
Armor: Scale mail        |    26 |    66 |    15 ||   107
Dodge: Dodged            |    31 |    70 |    16 ||   117
Block: Buckler           |    15 |    30 |     8 ||    53

Table legend:
 A = Non-vault XP
 B = Vault XP
 C = Vault XP percentage of total XP
 D = Non-vault monster count
 E = Vault monster count
 F = Vault count percentage of total count
                 A         B        C        D         E       F
            +---------+---------+-------+---------+---------+-------
      Total |     565 |     224 |  28.4 |      68 |       9 |  11.7
            +---------+---------+-------+---------+---------+-------
        D:1 |      32 |       0 |   0.0 |      16 |       0 |   0.0
        D:2 |      50 |      55 |  52.4 |      14 |       8 |  36.4
        D:3 |     229 |       0 |   0.0 |      29 |       0 |   0.0
        D:4 |     254 |     169 |  40.0 |       9 |       1 |  10.0
            +---------+---------+-------+---------+---------+-------
